 Dungeon Crawl Stone Soup version 0.28-a0-1506-g3893175d92 (webtiles) character file.

Game seed: 2631221611672684041

14522 HallandMoats the Blocker (level 12, -12/90 HPs)
             Began as a Ghoul Fighter on Jan 14, 2022.
             Was a High Priest of Hepliaklqana.
             Killed from afar by a gargoyle (19 damage)
             ... with a stone arrow
             ... on level 12 of the Dungeon.
             The game lasted 00:17:05 (13120 turns).

HallandMoats the Blocker (Ghoul Fighter)           Turns: 13120, Time: 00:17:05

Health: -12/90     AC: 15    Str: 21      XL:     12   Next: 17%
Magic:  0/12       EV: 13    Int:  4 (5)  God:    Hepliaklqana [*****.]
Gold:   663        SH:  6    Dex: 10      Spells: 11/11 levels left

rFire   + . .      SeeInvis +   b - +1 whip (vamp)
rCold   + + .      Faith    .   c - +0 buckler
rNeg    + + +      Spirit   +   w - +5 leather armour "Ocithrune" {rElec rN+}
rPois   ∞          Reflect  .   i - +2 helmet
rElec   +          Harm     .   y - scarf {rC+ rF+}
rCorr   .          Rampage  .   J - +2 pair of gloves
Will    .....                   (no boots)
Stlth   +.........              I - amulet of guardian spirit
HPRegen 0.00/turn               f - ring of see invisible
MPRegen 0.13/turn               (no ring)

@: mighty, inhibited regen, studying Stealth
A: reduced essence, claws 1, cold resistance 1, negative energy resistance 3,
inhibited regeneration, torment resistance 2
a: Renounce Religion, Recall Ancestor, Ancestor Identity, Transference, Idealise


You were on level 12 of the Dungeon.
You worshipped Hepliaklqana.
Hepliaklqana was extremely pleased with you.
You visited 1 branch of the dungeon, and saw 12 of its levels.

You collected 663 gold pieces.

Inventory:

Hand Weapons
 a - the +9 long sword "Bowkifop" {freeze, rF+ Int+3}
   (You found it on level 6 of the Dungeon)

   It freezes those it strikes, dealing additional cold damage.
   It can also slow down cold-blooded creatures.
   Int:       It affects your intelligence (+3).
   rF:        It protects you from fire.
 b - a +1 vampiric whip (weapon)
Missiles
 H - 2 throwing nets (quivered)
Armour
 c - a +0 buckler (worn)
 i - a +2 helmet (worn)
 w - the +5 leather armour "Ocithrune" (worn) {rElec rN+}
   (You found it on level 6 of the Dungeon)

   rElec:     It insulates you from electricity.
   rN:        It protects you from negative energy.
 y - a scarf of resistance (worn)
 J - a +2 pair of gloves (worn)
Jewellery
 f - a ring of see invisible (left hand)
 m - a ring of wizardry
 I - an amulet of guardian spirit (around neck)
Wands
 s - a wand of flame (20)
 v - a wand of polymorph (7)
 x - a wand of paralysis (6)
 F - a wand of iceblast (4)
Scrolls
 g - a scroll of enchant armour
 h - a scroll of amnesia {unknown}
 j - 3 scrolls of teleportation
 k - a scroll of blinking
 p - a scroll of magic mapping
 A - 3 scrolls of brand weapon
 B - 2 scrolls of fog
 E - a scroll of enchant weapon
 K - a scroll of fear
Potions
 d - a potion of might
 e - a potion of magic
 l - a potion of degeneration {unknown}
 q - 3 potions of resistance
 t - a potion of cancellation


   Skills:
 + Level 7.9 Fighting
 * Level 8.7 Long Blades
 * Level 8.2 Maces & Flails
 + Level 6.5 Armour
 + Level 5.8 Dodging
 * Level 8.9 Shields
 + Level 2.1 Invocations


You had 11 spell levels left.
You didn't know any spells.
Your spell library contained the following spells:

 Spells                   Type           Power      Damage    Failure   Level
 Magic Dart               Conj           0%         1d3       63%         1
 Shock                    Conj/Air       0%         1d3       63%         1
 Slow                     Hex            0%         N/A       63%         1
 Searing Ray              Conj           0%         2d4       77%         2
 Confusing Touch          Hex            0%         N/A       94%         3
 Conjure Flame            Conj/Fire      0%         6-21      94%         3
 Frozen Ramparts          Ice            0%         1d2       94%         3
 Ignite Poison            Fire/Tmut/Pois 0%         N/A       94%         3
 Ozocubu's Armour         Ice            0%         N/A       94%         3
 Swiftness                Air            0%         N/A       94%         3
 Tukima's Dance           Hex            0%         N/A       94%         3
 Vampiric Draining        Necr           0%         2d6       94%         3
 Airstrike                Air            0%         N/A       100%        4
 Anguish                  Hex/Necr       0%         N/A       100%        4
 Fulminant Prism          Conj/Hex       0%         3d6       100%        4
 Sticky Flame             Conj/Fire      0%         2d3       100%        4
 Summon Ice Beast         Ice/Summ       0%         N/A       100%        4
 Summon Lightning Spire   Summ/Air       0%         N/A       100%        4
 Lightning Bolt           Conj/Air       0%         1d11      100%        5
 Enfeeble                 Hex            0%         N/A       100%        7
 Ozocubu's Refrigeration  Ice            0%         4d5       100%        7
 Ice Form                 Ice/Tmut       Unusable   N/A       N/A         4

Dungeon Overview and Level Annotations

Branches:
Dungeon (12/15)            Temple (0/1) D:5            Lair (0/6) D:9
    Orc (0/2) D:10

Altars:
Hepliaklqana
Trog

Shops:
D:2 ?   D:8 (


Innate Abilities, Weirdness & Mutations

Your life essence is reduced to manifest your ancestor. (-10% HP)
You thrive by killing the living.
You are immune to poison.
You have sharp fingernails.
Your flesh is cold resistant. (rC+)
You are immune to negative energy. (rN+++)
You do not regenerate when monsters are visible.
You are immune to unholy pain and torment.


Message History

The seven-headed hydra bites you.
* * * LOW HITPOINT WARNING * * *
You block the seven-headed hydra's attack.
The seven-headed hydra bites you!
* * * LOW HITPOINT WARNING * * *
You hit the seven-headed hydra.
You kill the seven-headed hydra!
You feel better.
Unknown command.
You whack the gargoyle!
The gargoyle is moderately damaged.
The gargoyle hurls a stone arrow at you.
The stone arrow hits you.
* * * LOW HITPOINT WARNING * * *
Unknown command.
Unknown command.
You hit the gargoyle but do no damage.
The gargoyle is moderately damaged.
The gargoyle hurls a stone arrow at you.
The stone arrow hits you.
* * * LOW HITPOINT WARNING * * *
You whack the gargoyle!
The gargoyle is heavily damaged.
Unknown command.
You hit the gargoyle.
The gargoyle is severely damaged.
The gargoyle hurls a stone arrow at you.
You block the stone arrow.
Unknown command.
You hit the gargoyle but do no damage.
The gargoyle is severely damaged.
The gargoyle hurls a stone arrow at you.
The stone arrow hits you!
* * * LOW HITPOINT WARNING * * *
Unknown command.
You barely miss the gargoyle.
The gargoyle is severely damaged.
The gargoyle hurls a stone arrow at you.
The stone arrow hits you!!
You die...

....######## #.#
...........# #.#
....######.# #.#.#
.#.......... ..#.#
.#.#######.# #.#.#+###
.#.# #.#.....#
.#'#######. #<#.....#
........... #9#.....#
...^....#..#####@#...).#
........##.............#
.(......##..####.#.....#
....##### #.## #.#####.#
......# ..# #.......#
......# ##.###.......#
......# #............#
......# #............#
......# #............#


You could see a gargoyle.

Vanquished Creatures
  A hydra (D:12)
  An ugly thing (D:7)
  A cyclops (D:12)
  2 manticores
  3 unseen horrors
  2 kobold demonologists
  4 trolls
  2 slime creatures
  A hornet (D:9)
  Sigmund (D:3)
  A yak (D:9)
  2 vampire mosquitoes (D:12)
  2 steam dragons
  3 water moccasins
  An acid dragon (D:10)
  2 sky beasts
  2 black bears (D:9)
  2 orc warriors
  2 ice beasts
  2 necrophages (D:7)
  15 centaurs
  2 phantoms
  2 bullfrogs
  Blork the orc (D:6)
  A kobold brigand (D:9)
  A gnoll sergeant (D:10)
  2 scorpions
  6 killer bees
  3 howler monkeys
  10 wights
  5 centaur zombies
  A jelly (D:7)
  2 orc priests
  A bullfrog skeleton (D:7)
  A centaur skeleton (D:6)
  A gnoll shaman (D:7)
  2 iguanas
  5 orc wizards
  A hound zombie (D:5)
  A howler monkey zombie (D:8)
  10 gnolls
  A hexer (D:6)
  A howler monkey skeleton (D:6)
  4 adders
  3 white imps
  An ufetubus (D:5)
  An adder skeleton (D:4)
  2 worms
  A dart slug (D:1)
  8 orcs
  3 bats (D:2)
  5 endoplasms
  4 giant cockroaches
  2 goblins
  5 hobgoblins
  2 jackals (D:1)
  5 quokkas
  4 ball pythons
  A frilled lizard (D:2)
  10 kobolds
  8 rats
181 creatures vanquished.

Vanquished Creatures (collateral kills)
  2 boulder beetles
  A two-headed ogre (D:10)
  A kobold demonologist (D:8)
  A shadow (D:7)
  A wraith (D:11)
  A vampire (D:10)
  A vampire mosquito (D:12)
  Eustachio (D:4)
  An acid dragon (D:6)
  A water moccasin (D:6)
  A sky beast (D:6)
  A black bear (D:9)
  2 bullfrogs
  A scorpion (D:9)
  A killer bee (D:8)
  A gnoll shaman (D:5)
  An orc priest (D:12)
  3 centaur zombies
  A bullfrog skeleton (D:5)
  An iguana (D:5)
  Ijyb (D:4)
  2 orc wizards (D:12)
  A howler monkey zombie (D:7)
  An adder (D:5)
  7 gnolls
  A shadow imp (D:7)
  2 orcs (D:12)
  A giant cockroach (D:2)
  A goblin (D:3)
  A bat (D:3)
  5 kobolds
  A rat (D:3)
48 creatures vanquished.

Vanquished Creatures (others)
  7 hexers
  An ancestor (D:2)
  25 fungi (D:9)
  23 plants (D:9)
56 creatures vanquished.

Grand Total: 285 creatures vanquished

Notes
Turn   | Place    | Note
-------+----------+-------------------------------------------
     0 | D:1      | HallandMoats the Ghoul Fighter began the quest for the Orb.
     0 | D:1      | Reached XP level 1. HP: 19/19 MP: 0/0
    52 | D:1      | Reached XP level 2. HP: 16/26 MP: 1/1
   825 | D:2      | Reached XP level 3. HP: 31/31 MP: 2/2
  1082 | D:2      | Found a faded altar of an unknown god.
  1130 | D:2      | Prayed at the altar of an unknown god.
  1130 | D:2      | Became a worshipper of Hepliaklqana the Forgotten
  1130 | D:2      | Reached * piety under Hepliaklqana
  1157 | D:2      | Found Goibb's Magic Scroll Emporium.
  1186 | D:2      | Reached skill level 1 in Maces & Flails
  1186 | D:2      | Reached XP level 4. HP: 22/36 MP: 3/3
  1832 | D:3      | Noticed Sigmund
  1842 | D:3      | Killed Sigmund
  1843 | D:3      | Reached skill level 1 in Dodging
  1843 | D:3      | Reached XP level 5. HP: 35/41 MP: 4/4
  1843 | D:3      | Reached XP level 6. HP: 39/46 MP: 5/5
  2136 | D:3      | Reached ** piety under Hepliaklqana
  2220 | D:3      | Remembered your ancestor Betty White as a hexer
  2681 | D:4      | Noticed Ijyb
  2693 | D:4      | Killed Ijyb
  2885 | D:4      | Noticed an ice beast
  2900 | D:4      | Killed an ice beast
  3112 | D:4      | Noticed Eustachio
  3133 | D:4      | Killed Eustachio
  3134 | D:4      | Reached XP level 7. HP: 50/54 MP: 6/6
  3627 | D:5      | Entered Level 5 of the Dungeon
  3645 | D:5      | Reached *** piety under Hepliaklqana
  3780 | D:5      | Found a staircase to the Ecumenical Temple.
  4418 | D:5      | Reached XP level 8. HP: 29/60 MP: 7/7
  5129 | D:6      | Identified the +9 long sword "Bowkifop" {freeze, rF+ Int+3}
  5246 | D:6      | Reached **** piety under Hepliaklqana
  5329 | D:6      | Identified the +5 leather armour "Ocithrune" {rElec rN+}
  5423 | D:6      | Reached skill level 5 in Shields
  5427 | D:6      | Reached skill level 5 in Fighting
  5773 | D:6      | Reached skill level 5 in Long Blades
  5886 | D:6      | Noticed Blork the orc
  5896 | D:6      | Killed Blork the orc
  5897 | D:6      | Reached XP level 9. HP: 66/66 MP: 8/8
  6400 | D:7      | Reached skill level 5 in Maces & Flails
  6458 | D:7      | Noticed a cyan ugly thing
  6466 | D:7      | Killed a cyan ugly thing
  6483 | D:7      | Noticed an unseen horror
  6483 | D:7      | Noticed a boulder beetle
  6696 | D:7      | Reached XP level 10. HP: 74/74 MP: 9/9
  6777 | D:7      | Reached skill level 5 in Armour
  7009 | D:7      | Killed a boulder beetle
  7183 | D:7      | Killed an unseen horror
  7535 | D:8      | Found Cadubeno's Antique Weapon Boutique.
  7662 | D:8      | Noticed a kobold demonologist
  7663 | D:8      | Noticed a kobold demonologist
  7668 | D:8      | Killed a kobold demonologist
  7675 | D:8      | Killed a kobold demonologist
  7909 | D:8      | You fall into a shaft and drop 1 floor!
  8161 | D:9      | Found a staircase to the Lair.
  8176 | D:9      | Reached XP level 11. HP: 39/81 MP: 10/10
  8213 | D:9      | HP: 2/81 [troll (4)]
  8919 | D:10     | Entered Level 10 of the Dungeon
  8919 | D:10     | Reached ***** piety under Hepliaklqana
  9145 | D:10     | Noticed a two-headed ogre
  9569 | D:10     | Killed a two-headed ogre
  9570 | D:10     | Reached skill level 5 in Dodging
  9799 | D:10     | Found a staircase to the Orcish Mines.
  9905 | D:10     | Noticed a manticore
  9921 | D:10     | Killed a manticore
 10224 | D:10     | Found a bloodstained altar of Trog.
 11011 | D:11     | Noticed a boulder beetle
 11470 | D:11     | Killed a boulder beetle
 11883 | D:12     | Noticed a manticore
 11892 | D:12     | Killed a manticore
 11893 | D:12     | Reached skill level 1 in Invocations
 12097 | D:12     | HP: 4/83 [vampire mosquito (8)]
 12784 | D:12     | Noticed a cyclops
 12807 | D:12     | Killed a cyclops
 12808 | D:12     | Reached XP level 12. HP: 73/90 MP: 9/12
 13098 | D:12     | Noticed a seven-headed hydra
 13114 | D:12     | Killed a seven-headed hydra
 13120 | D:12     | Killed from afar by a gargoyle

Illustrated notes

Levels and vault maps discovered:
D:1:      dpeg_arrival_arbitrary_b, layout_basic
D:2:      layout_rooms, shapermc_ecumenical_altar_mp_highgroup, serial_shops,
          nicolae_shop_advertising_works [nicolae_subvault_shop_adworks]
D:3:      layout_basic, dk_noncrumbling_4, minmay_misc_feat_more_columns,
          uniq_sigmund
D:4:      layout_loops_ring, minivault_14, minmay_misc_feat_tower, uniq_ijyb,
          uniq_eustachio
D:5:      layout_layer_cave, minmay_temple_entry_mist
D:6:      layout_cave_pods, minmay_microvault, uniq_blork_the_orc
D:7:      layout_basic, minmay_manual_moon
D:8:      layout_rooms, serial_shops, shop, minmay_misc_feat_nine_boxes
D:9:      layout_rooms, due_lair_maze_entry_diamond
D:10:     layout_stronghold, lemuel_round_altar, orc_0_dummy,
          minmay_stone_trees_small
D:11:     layout_roguey
D:12:     layout_basic, kennysheep_opposing_triangles

Skill      XL: |  1  2  3  4  5  6  7  8  9 10 11 12 |
---------------+-------------------------------------+-----
Long Blades    | 2 3 4 5 6 7 8 |  8.7
Shields        | 3 4 5 6 7 8 |  8.9
Maces & Flails | 1 2 3 4 5 6 8 |  8.2
Armour         | 3 4 5 6 |  6.5
Fighting       | 4 5 6 7 |  7.9
Dodging        | 1 2 3 4 5 |  5.8
Invocations    | 1 2 |  2.1

Action                   |  1- 3 |  4- 6 |  7- 9 | 10-12 || total
-------------------------+-------+-------+-------+-------++-------
Melee: Long sword        |    19 |       |   119 |   330 ||   468
       Whip              |   101 |   122 |   110 |    14 ||   347
Invok: Ancestor Identity |     1 |       |       |       ||     1
       Ancestor Life: He |       |     1 |       |       ||     1
       Recall Ancestor   |       |       |       |     1 ||     1
  Use: Potion            |       |       |       |    14 ||    14
       Scroll            |       |       |       |    13 ||    13
 Stab: Confused          |       |     1 |     5 |     1 ||     7
       Distracted        |       |       |     2 |     2 ||     4
Armor: Scale mail        |    53 |    35 |    38 |       ||   126
       Leather armour    |       |       |    44 |   247 ||   291
Dodge: Dodged            |    66 |    36 |    95 |   316 ||   513
Block: Buckler           |    13 |    15 |    40 |   150 ||   218

Table legend: (Time is in decaauts)
 A = Elapsed time spent in this place.
 B = Non-inter-level travel time spent in this place.
 C = Inter-level travel time spent in this place.
 D = Time resting spent in this place.
 E = Time spent auto-exploring this place.
 F = Levels seen in this place.
 G = Mean time per level.
                   A        B        C        D        E       F      G
               +--------+--------+--------+--------+--------+-----+--------+
         Total |  13158 |  12766 |    392 |   2471 |   8244 |  12 | 1096.5 |
       Dungeon |  13158 |  12766 |    392 |   2471 |   8244 |  12 | 1096.5 |
               +--------+--------+--------+--------+--------+-----+--------+

Top non-repeatable levels by time:
    D:11: 1925 daAuts
     D:5: 1403 daAuts
     D:6: 1283 daAuts
     D:7: 1183 daAuts
    D:10: 1126 daAuts
     D:4: 973 daAuts
     D:9: 961 daAuts
     D:2: 928 daAuts
     D:3: 915 daAuts
     D:8: 876 daAuts
     D:1: 830 daAuts
    D:12: 750 daAuts
